AoeStats
← CobraKaiMx

Arabia

510550633Analyzed
1v1 RM · 1d ago on Oct 1, 2026· 22m 17s· 2 players
Game mode
Random Map
Map size
Tiny (2 player)
Population
200
Speed
Normal
Resources
Standard
Victory
Conquest
Starting age
Dark Age
Ending age
Imperial Age
RankedLock teamsTeams togetherTeam positionsShared explorationLock speedFull tech treeHidden civsTurbo modeCheats
Victory
Defeat
🇲🇽 Malay · Mexico
1285
+16
🇦🇷 Koreans · Argentina
1278
-16
bigapple334
7:55 Loom
11:29 Feudal Age
12:29 Double-Bit Axe
15:57 Castle Age
CobraKaiMx
7:42 Loom
9:46 Feudal Age
8:22 Loom
10:12 Double-Bit Axe
11:00 Town Watch
12:40 Gold Mining
14:19 Fletching
15:41 Padded Archer Armor
22:39 Castle Age
22:14 Bodkin Arrow
21:42 Crossbowman
Connection lost

Rejoining the realm…

Still unreachable

The connection could not be restored.

Session expired

The server has moved on; the page needs a fresh start.